 Dungeon Crawl Stone Soup version 0.17.1-2-g5865329 (webtiles) character file.

625 Mysteryquy the Sneak (level 7, 0/36 HPs)
             Began as a Vine Stalker Assassin on Jan 28, 2016.
             Slain by Duvessa
             ... wielding a +0 short sword of draining
              (2 damage)
             ... on level 5 of the Dungeon.
             The game lasted 00:09:33 (3665 turns).

Mysteryquy the Sneak (Vine Stalker Assassin)        Turns: 3665, Time: 00:09:33

Health: 0/36       AC:  3    Str: 13    XL:     7   Next: 47%
Magic:  0/8        EV: 12    Int: 11    God:
Gold:   179        SH:  0    Dex: 18    Spells: 0 memorised, 6 levels left

rFire  . . .     SeeInvis .     y - +0 dagger (venom)
rCold  . . .     Clarity  .     c - +0 robe
rNeg   . . .     SustAt   .     (no shield)
rPois  .         Gourm    .     (no helmet)
rElec  .         Spirit   +     d - +0 cloak
rCorr  .         Warding  .     (no gloves)
rMut   .         Stasis   .     (no boots)
MR     .....                    (no amulet)
Stlth  +++.......               (no ring)
                                (no ring)

@: heavily drained, not resistant to hostile enchantments, fairly stealthy
A: fangs 2, regeneration 2, magic shield, antimagic bite, no device heal 3, rot
immunity
a: no special abilities


You were on level 5 of the Dungeon.
You were very hungry.

You visited 1 branch of the dungeon, and saw 5 of its levels.

You collected 179 gold pieces.

Inventory:

Hand Weapons
 a - a +2 dagger
 b - a +0 blowgun
 y - a +0 dagger of venom (weapon)
Missiles
 e - 42 poisoned needles
 f - 2 curare-tipped needles
Armour
 c - a +0 robe (worn)
 d - a +0 cloak (worn)
Wands
 s - a wand of hasting (5)
Scrolls
 h - 3 scrolls of remove curse {unknown}
 i - 4 scrolls of teleportation {unknown}
 k - 2 scrolls of identify {unknown}
 m - 2 scrolls of magic mapping {unknown}
 n - 2 scrolls of fear {unknown}
 o - a scroll of immolation {unknown}
Potions
 j - a potion of mutation {unknown}
 l - 2 potions of brilliance {unknown}
 q - a potion of flight {unknown}
 r - a potion of curing {unknown}
 w - 4 potions of lignification {unknown}
 x - a potion of haste {unknown}
 z - a potion of magic {unknown}
 A - a potion of heal wounds {unknown}
Books
 u - a book of Ice

   Spells                             Type                      Level
   a - Ice Form                       Ice/Transmutation            4
   b - Metabolic Englaciation         Hexes/Ice                    5
   c - Ozocubu's Refrigeration        Ice                          6
   d - Bolt of Cold                   Conjuration/Ice              6
   e - Freezing Cloud                 Conjuration/Ice/Air          6
   f - Simulacrum                     Ice/Necromancy               6
Comestibles
 g - 5 bread rations
 p - 3 beef jerkies
 t - 2 slices of pizza
 v - a meat ration


   Skills:
 + Level 3.4(0.8) Fighting
 + Level 2.9(0.3) Short Blades
 + Level 1.8(0.0) Throwing
 + Level 3.6(1.0) Dodging
 + Level 7.9(4.9) Stealth


You had 6 spell levels left.
You didn't know any spells.

Dungeon Overview and Level Annotations

Branches:
Dungeon (5/15)
 Temple: D:4-7

Altars:
Gozag

Annotations:
D:3 Glider's ghost, amateur OpTm
D:5 Dowan; Duvessa


Innate Abilities, Weirdness & Mutations

You have extremely sharp teeth.
You heal very quickly.
When hurt, damage is shared between your health and your magic reserves.
Your bite disrupts and absorbs the magic of your enemies.
Potions and wands cannot restore your health.
You are immune to rotting.


Message History

Duvessa is heavily wounded.
Duvessa hits you with a short sword of draining!
You feel drained.
You closely miss Duvessa.
Duvessa is heavily wounded.
Duvessa hits you with a short sword of draining!
* * * LOW HITPOINT WARNING * * *
You feel drained.
* * * LOW HITPOINT WARNING * * *
You are feeling very hungry.
You barely miss Duvessa. Your bite misses Duvessa.
Duvessa is heavily wounded.
Duvessa hits you but does no damage.
You feel drained.
You closely miss Duvessa. Your bite misses Duvessa.
Duvessa is heavily wounded.
Duvessa misses you.
Duvessa hits you with a short sword of draining!
* * * LOW HITPOINT WARNING * * *
You feel drained.
You die...

###########
#..<.......
#e######### #@#
#.####.##
#.......# #
######.## # #.
#.#
.##.#.########.#
..............##
..##....{.....#
#..#########


You could see Duvessa.

Vanquished Creatures
  A scorpion (D:4)
  A jelly (D:4)
  A giant frog zombie (D:4)
  3 hounds (D:4)
  3 orc wizards
  4 worker ants
  3 orc priests
  A hound skeleton (D:4)
  3 gnolls (D:4)
  2 adders
  An ooze (D:1)
  An adder skeleton (D:4)
  3 worms
  3 giant geckos
  12 orcs
  12 hobgoblins
  8 jackals
  10 bats
  3 giant cockroaches
  2 giant newts
  8 goblins
  A jackal skeleton (D:5)
  4 kobolds
  A quokka skeleton (D:4)
  9 rats
100 creatures vanquished.

Notes
Turn   | Place    | Note
--------------------------------------------------------------
     0 | D:1      | Mysteryquy the Vine Stalker Assassin began the quest for the Orb.
     0 | D:1      | Reached XP level 1. HP: 11/11 MP: 2/2
    29 | D:1      | Reached skill level 5 in Stealth
   106 | D:1      | Reached XP level 2. HP: 10/15 MP: 3/3
   331 | D:1      | Reached XP level 3. HP: 16/18 MP: 1/4
   367 | D:1      | Reached skill level 1 in Dodging
   843 | D:2      | Found a faded altar to an unknown god.
  1419 | D:3      | Reached skill level 6 in Stealth
  1419 | D:3      | Reached XP level 4. HP: 16/23 MP: 3/5
  1479 | D:3      | HP: 1/23 [orc priest/divine providence (13)]
  1597 | D:3      | Reached XP level 5. HP: 22/27 MP: 6/6
  1638 | D:3      | Noticed Glider's ghost (amateur OpTm)
  2590 | D:4      | Gained mutation: You heal very quickly. [Vine Stalker growth]
  2590 | D:4      | Reached XP level 6. HP: 29/32 MP: 7/7
  2608 | D:4      | Reached skill level 7 in Stealth
  2816 | D:4      | Found an opulent altar of Gozag.
  3083 | D:4      | Reached XP level 7. HP: 15/36 MP: 8/8
  3590 | D:5      | Entered Level 5 of the Dungeon
  3608 | D:5      | Noticed Duvessa
  3608 | D:5      | Noticed Dowan
  3665 | D:5      | Slain by Duvessa

Action                   |  1- 3 |  4- 6 |  7- 9 || total
-------------------------+-------+-------+-------++-------
Melee: Dagger            |   109 |   205 |    44 ||   358
 Stab: Sleeping          |    15 |     9 |     3 ||    27
  Eat: Chunk             |       |     7 |     1 ||     8
